 Dungeon Crawl Stone Soup version 0.18.1-48-g4cf74bf (webtiles) character file.

301 ishmael the Skirmisher (level 6, -1/71 HPs)
             Began as an Ogre Berserker on June 24, 2016.
             Was a Priest of Trog.
             Slain by a sky beast (6 damage)
             ... on level 3 of the Dungeon.
             The game lasted 00:04:11 (3309 turns).

ishmael the Skirmisher (Ogre Berserker)             Turns: 3309, Time: 00:04:12

Health: -1/71      AC:  4    Str: 23    XL:     6   Next: 37%
Magic:  6/6        EV: 10    Int:  6    God:    Trog [***...]
Gold:   104        SH:  0    Dex:  8    Spells: 0 memorised, 5 levels left

rFire  . . .     SeeInvis .     a - +0 mace
rCold  . . .     Gourm    .     b - +0 animal skin
rNeg   . . .     Faith    .     (no shield)
rPois  .         Spirit   .     (helmet restricted)
rElec  .         Dismiss  .     (no cloak)
rCorr  .         Reflect  .     (gloves unavailable)
SustAt .         Harm     .     (boots unavailable)
MR     .....                    (no amulet)
Stlth  +.........               f - +1 ring of protection
                                i - -3 ring of dexterity (curse)

@: not resistant to hostile enchantments, very unstealthy
A: unfitting armour, tough skin 1
a: Berserk, Trog's Hand, Burn Spellbooks, Renounce Religion


You were on level 3 of the Dungeon.
You worshipped Trog.
Trog was most pleased with you.
You were not hungry.

You visited 1 branch of the dungeon, and saw 4 of its levels.

You collected 104 gold pieces.

Inventory:

Hand Weapons
 a - a +0 mace (weapon)
Armour
 b - a +0 animal skin (worn)
Jewellery
 f - a +1 ring of protection (right hand)
 i - a cursed -3 ring of dexterity (left hand)
Scrolls
 d - 3 scrolls of identify
 e - 2 scrolls of teleportation
 g - a scroll of magic mapping {unknown}
 j - a scroll of recharging {unknown}
Comestibles
 c - a bread ration
 h - a meat ration
 k - a beef jerky


   Skills:
 + Level 7.2 Fighting
 + Level 6.8 Maces & Flails
 - Level 2.6 Dodging


You had 5 spell levels left.
You didn't know any spells.

Dungeon Overview and Level Annotations

Branches:
Dungeon (4/15)
 Temple: D:4-7

Altars:
Gozag
Ru
Sif Muna


Innate Abilities, Weirdness & Mutations

You are too large for most types of armour.
You have tough skin (AC +1).


Message History

Deactivating autopickup; reactivate with Ctrl-A.
Something hits you. Something shocks you.
You miss something. Something hits you but does no damage.
You barely miss something. Something hits you. Something shocks you.
* * * LOW HITPOINT WARNING * * *
You barely miss something. Something hits you.
* * * LOW HITPOINT WARNING * * *
Something shocks you.
* * * LOW HITPOINT WARNING * * *
You barely miss something. Something hits you but does no damage.
You barely miss something. Something hits you but does no damage.
Unknown command.
You miss something. Something hits you.
* * * LOW HITPOINT WARNING * * *
Something shocks you.
* * * LOW HITPOINT WARNING * * *
You miss something. Something hits you.
* * * LOW HITPOINT WARNING * * *
Something shocks you.
You die...

#........####. #.#
#.......# #.........##
#<# #.#######
##.####....############
#. #.# ###..####...##
##. #.# #..###....##
###. #.# #..###....##
..###. #.# #..##..#...#
..#..##. #.#
##†.#{.##... .##..#..
#.# ##.@.≈###..
###....# #.# ##...###..
###...##
#.############## #####
####........# ### ###
#...† ..#########># #.#
#.# #.#.# #.# #.#
#.####.###.#.# #.# #.#
#..........#.# #.# #.#
#..###.######. #.# #.#
###.###.# .


There were no monsters in sight!

Vanquished Creatures
  Sigmund (D:2)
  Robin (D:2)
  6 adders (D:2)
  A gnoll (D:1)
  An ooze (D:3)
  A worm (D:2)
  2 dart slugs
  5 giant geckos
  A ball python (D:3)
  6 bats
  A giant cockroach (D:3)
  14 goblins
  6 hobgoblins
  2 jackals (D:3)
  2 quokkas
  4 giant newts
  4 kobolds
  8 rats
66 creatures vanquished.

Notes
Turn   | Place    | Note
--------------------------------------------------------------
     0 | D:1      | ishmael the Ogre Berserker began the quest for the Orb.
     0 | D:1      | Reached XP level 1. HP: 24/24 MP: 1/1
   116 | D:1      | Reached XP level 2. HP: 33/33 MP: 2/2
   472 | D:1      | Reached ** piety under Trog
   628 | D:1      | Reached XP level 3. HP: 38/40 MP: 3/3
   861 | D:1      | Reached skill level 5 in Fighting
   953 | D:2      | Found an opulent altar of Gozag.
   961 | D:2      | Reached skill level 5 in Maces & Flails
  1109 | D:2      | Found a sacrificial altar of Ru.
  1200 | D:2      | Reached XP level 4. HP: 41/50 MP: 4/4
  1287 | D:2      | Noticed Sigmund
  1305 | D:2      | Killed Sigmund
  1305 | D:2      | Reached skill level 6 in Fighting
  1305 | D:2      | Reached XP level 5. HP: 41/61 MP: 5/5
  1617 | D:2      | Reached XP level 6. HP: 62/68 MP: 6/6
  1805 | D:2      | Noticed Robin
  2159 | D:2      | Reached skill level 7 in Fighting
  2390 | D:2      | Killed Robin
  2787 | D:3      | Found a deep blue altar of Sif Muna.
  2795 | D:3      | Reached *** piety under Trog
  3249 | D:3      | Noticed a sky beast
  3309 | D:3      | Slain by a sky beast

Skill      XL: |  1  2  3  4  5  6 |
---------------+-------------------+-----
Fighting       | 5 6 7 |  7.2
Maces & Flails | 5 6 |  6.8
Dodging        | |  2.6

Action                   |  1- 3 |  4- 6 || total
-------------------------+-------+-------++-------
Melee: Mace              |    78 |   150 ||   228
Invok: Berserk           |       |     2 ||     2
  Use: Scroll            |       |     1 ||     1
 Stab: Sleeping          |     1 |       ||     1
  Eat: Chunk             |     1 |     4 ||     5
       Bread ration      |       |     1 ||     1
Armor: Animal skin       |    25 |    67 ||    92
Dodge: Dodged            |    42 |   100 ||   142
